 Dungeon Crawl Stone Soup version bcrawl-1.34.4 (webtiles) character file.

Game seed: 4387315052321016519

173741 KristoblXynda the Skirmisher (level 6, -8/56 HPs)
             Began as a Draconian Berserker on Oct 21, 2021.
             Was a Believer of Trog.
             Mangled by yrara's ghost (10 damage)
             ... on level 3 of the Dungeon.
             The game lasted 00:02:30 (2920 turns).

KristoblXynda the Skirmisher (Draconian Berserker)  Turns: 2920, Time: 00:02:31

Health: -8/56      AC:  6    Str: 19    XL:     6   Next: 9%
Magic:  6/6        EV: 13    Int:  9    God:    Trog [**....]
Gold:   177        SH:  1    Dex: 11    Spells: 5/5 levels left

rFire    . . .     SeeInvis .   a - +0 falchion
rCold    . . .     Gourm    .   (no shield)
rNeg     . . .     Faith    .   (armour unavailable)
rPois    .         Spirit   .   (helmet restricted)
rElec    .         Reflect  .   (no cloak)
rCorr    .         Harm     .   (no gloves)
MR       .....                  (no boots)
Stlth    +.........             (no amulet)
HPRegen  0.18/turn              (no ring)
MPRegen  0.10/turn              (no ring)

@: berserk cooldown, slowed, very slow
A: unfitting armour, cold-blooded, AC +6
a: Berserk, Trog's Hand, Renounce Religion


You were on level 3 of the Dungeon.
You worshipped Trog.
Trog was pleased with you.
You were not hungry.

You visited 1 branch of the dungeon, and saw 3 of its levels.

You collected 177 gold pieces.

Inventory:

Hand Weapons
 a - a +0 falchion (weapon)
Jewellery
 k - an uncursed ring of resist corrosion {unknown}
Wands
 m - a wand of random effects (7)
Scrolls
 b - a scroll of fear {unknown}
 c - a scroll of immolation {unknown}
 f - a scroll of enchant weapon {unknown}
 g - 2 scrolls of remove curse
 i - a scroll of amnesia {unknown}
 l - a scroll of magic mapping {unknown}
Potions
 d - a potion of curing {unknown}
 h - a potion of agility {unknown}
 j - a potion of lignification {unknown}


   Skills:
 + Level 5.1 Fighting
 + Level 4.6 Long Blades
 + Level 4.2 Dodging


You had 5 spell levels left.
You didn't know any spells.
Your spell library was empty.

Dungeon Overview and Level Annotations

Branches:
Dungeon (3/12)

Altars:
Ashenzari
Nemelex Xobeh
Sif Muna
Yredelemnul
The Shining One

Annotations:
D:3 exe1's ghost, amateur EnAc; yrara's ghost, amateur DsFi


Innate Abilities, Weirdness & Mutations

Your plain brown scales are hard. (AC +6)
You cannot fit into any form of body armour.
You are cold-blooded and may be slowed by cold attacks.


Message History

Yrara's ghost is severely damaged.
You lose consciousness!
Yrara's ghost hits you but does no damage.
Yrara's ghost hits you!
You are no longer berserk.
You pass out from exhaustion.
You feel yourself slow down. Yrara's ghost hits you! Yrara's ghost hits you.
Exe1's ghost stares at you.
Yrara's ghost hits you but does no damage.
Exe1's ghost says, "What do you have that I didn't have?"
Yrara's ghost hits you! x2
* * * LOW HITPOINT WARNING * * *
Yrara's ghost hits you.
* * * LOW HITPOINT WARNING * * *
Exe1's ghost lets out a mournful wail.
You can move again.
You eat the ration {!d}.
That ration really hit the spot!
Yrara's ghost hits you!
You die...

########## #.# #.§.§.§### #.#
####### '...._.#A# #.# #......
#.....§###### #.# #.#####
###########.#######.# ####.#####
# ###.........## #....<..##
#....#####...###.##.##.##
##.#..###.....##.##......
#....WW@#...###.##......
###'''####.####.###.#.#.
#P........#......# #.#.#.
#⌠.......⌠#.###### #.#...
#P........#'## #.###. ###
#$.!.....$#..## #.....
..########8.....8##...## #####.
####.....##$P⌠P(##.....## ##.##.
...#.###..#######.......####.....


You could see exe1's ghost and yrara's ghost.

Vanquished Creatures
  Sigmund (D:3)
  2 worker ants
  An adder (D:2)
  2 oozes
  2 dart slugs
  7 leopard geckos
  An orc (D:2)
  3 bats (D:1)
  4 giant cockroaches
  7 goblins
  7 hobgoblins
  9 kobolds
  A quokka (D:3)
  A ball python (D:1)
  2 frilled lizards
  4 rats
54 creatures vanquished.

Vanquished Creatures (others)
  2 withered plants (D:3)
2 creatures vanquished.

Grand Total: 56 creatures vanquished

Notes
Turn   | Place    | Note
-------+----------+-------------------------------------------
     0 | D:1      | KristoblXynda the Draconian Berserker began the quest for
                  | the Orb.
     0 | D:1      | Reached XP level 1. HP: 19/19 MP: 1/1
    31 | D:1      | Reached XP level 2. HP: 17/26 MP: 2/2
   427 | D:1      | Reached ** piety under Trog
   428 | D:1      | Reached XP level 3. HP: 33/33 MP: 3/3
  1154 | D:2      | Reached skill level 4 in Fighting
  1244 | D:2      | Reached XP level 4. HP: 40/40 MP: 4/4
  1677 | D:2      | Found a sparkling altar of Nemelex Xobeh.
  1769 | D:3      | Found a shattered altar of Ashenzari.
  2093 | D:3      | Found a glowing golden altar of the Shining One.
  2095 | D:3      | Noticed an angel
  2111 | D:3      | Found a basalt altar of Yredelemnul.
  2134 | D:3      | Noticed a profane servitor
  2419 | D:3      | Noticed Sigmund
  2429 | D:3      | Killed Sigmund
  2430 | D:3      | Reached skill level 5 in Fighting
  2430 | D:3      | Reached XP level 5. HP: 48/48 MP: 5/5
  2430 | D:3      | Reached XP level 6. HP: 56/56 MP: 6/6
  2504 | D:3      | Found a runed translucent gate.
  2505 | D:3      | Found a runed translucent gate.
  2505 | D:3      | Found a runed translucent gate.
  2569 | D:3      | Noticed exe1's ghost (amateur EnAc)
  2570 | D:3      | Noticed yrara's ghost (amateur DsFi)
  2627 | D:3      | Found a shimmering blue altar of Sif Muna.
  2912 | D:3      | Paralysed by fainting for 5 turns
  2919 | D:3      | HP: 1/56 [yrara's ghost (6)]
  2920 | D:3      | Mangled by yrara's ghost

Skill      XL: |  1  2  3  4 |
---------------+-------------+-----
Dodging        | 3 4 |  4.2
Fighting       | 4 5 |  5.1
Long Blades    | 4 |  4.6

Action                   |  1- 3 |  4- 6 || total
-------------------------+-------+-------++-------
Melee: Falchion          |   112 |    80 ||   192
       Tailslap          |     9 |     9 ||    18
Invok: Berserk           |     2 |     3 ||     5
  Use: Scroll            |     2 |     1 ||     3
 Stab: Sleeping          |     1 |       ||     1
  Eat: Chunk             |     5 |     3 ||     8
       Ration            |       |     2 ||     2
Armor: Skin              |    37 |    17 ||    54
Dodge: Dodged            |    76 |    37 ||   113
